 Dungeon Crawl Stone Soup version 0.25.0-9-g26727b657a (webtiles) character file.

Game seed: 15925301360329909062

249 mopl the Grave Robber (level 6, 0/32 HPs)
             Began as a Tengu Necromancer on June 17, 2020.
             Slain by an orc warrior
             ... wielding a +0 trident
              (9 damage)
             ... on level 7 of the Dungeon.
             The game lasted 00:06:09 (3463 turns).

mopl the Grave Robber (Tengu Necromancer)           Turns: 3463, Time: 00:06:10

Health: 0/32       AC:  7    Str: 11    XL:     6   Next: 12%
Magic:  2/11       EV: 13    Int: 15    God:
Gold:   262        SH:  0    Dex: 20    Spells: 6/11 levels left

rFire    . . .     SeeInvis .   l - +1 spear
rCold    . . .     Gourm    .   (no shield)
rNeg     . . .     Faith    .   o - +0 ring mail
rPois    +         Spirit   .   (helmet restricted)
rElec    .         Reflect  .   f - +0 cloak
rCorr    .         Harm     .   b - +0 pair of gloves
MR       .....                  (boots unavailable)
Stlth    ++........             q - amulet of magic regeneration
HPRegen  0.10/turn              y - ring of poison resistance
MPRegen  0.37/turn              n - +6 ring of dexterity

@: flying quickly and evasively, very slightly contaminated, quick
A: beak, talons 3, able to fly
a: Stop Flying


You were on level 7 of the Dungeon.
You were hungry.

You visited 1 branch of the dungeon, and saw 6 of its levels.

You collected 262 gold pieces.

Inventory:

Hand Weapons
 l - a +1 spear (weapon)
Missiles
 k - 12 poisoned darts (quivered)
 u - 3 boomerangs
Armour
 b - a +0 pair of gloves (worn)
 f - a +0 cloak (worn)
 o - a +0 ring mail (worn)
Jewellery
 e - an uncursed ring of ice
 j - an uncursed ring of wizardry
 n - a +6 ring of dexterity (right hand)
 q - an amulet of magic regeneration (around neck)
 y - a ring of poison resistance (left hand)
Scrolls
 a - a scroll of noise {unknown}
 h - 4 scrolls of teleportation {unknown}
 s - 2 scrolls of amnesia
 t - 3 scrolls of remove curse
 w - a scroll of enchant weapon
Potions
 d - 2 potions of invisibility
 g - a potion of heal wounds
 i - a potion of curing
 m - a potion of cancellation
 r - 2 potions of mutation {unknown}
 v - a potion of magic
 x - a potion of might
 z - a potion of brilliance {unknown}
Comestibles
 c - 11 rations
 p - 7 chunks of flesh


   Skills:
 + Level 2.5 Polearms
 - Level 2.1 Dodging
 - Level 2.0 Stealth
 + Level 3.3 Spellcasting
 * Level 6.5 Necromancy


You had 6 spell levels left.
You knew the following spells:

 Your Spells              Type           Power        Failure   Level  Hunger
a - Pain                  Necr           ###.         3%          1    None
b - Vampiric Draining     Necr           ###.......   10%         3    ###....
x - Animate Skeleton      Necr           N/A          3%          1    None

Your spell library contained the following spells:

 Spells                   Type           Power        Failure   Level  Hunger
 Animate Dead             Necr           N/A          32%         4    ####...
 Agony                    Necr           ###.....     65%         5    ######.


Dungeon Overview and Level Annotations

Branches:
Dungeon (7/15)
 Temple: D:4-7

Altars:
The Shining One

Shops:
D:6 }:


Innate Abilities, Weirdness & Mutations

You have a beak for a mouth.
You have claws for feet.
You can fly continuously.


Message History

You are feeling hungry.
You hear an angry buzzing noise.
The orc warrior barely misses you. The scorpion barely misses you.
Casting: Vampiric Draining (quite dangerous; 10% risk of failure)
Confirm with . or Enter, or press ? or * to list all spells.
The spell is quite dangerous to cast (10% risk of failure)!
Continue anyway?
Aiming: Vampiric Draining (quite dangerous; 10% risk of failure)
Press: ? - help, Shift-Dir - straight line, f/p - orc warrior
Aim: an orc warrior, wielding a +0 trident and wearing a +0 chain mail (moderately wounded)
The orc warrior is heavily wounded.
You feel life coursing into your body.
The orc warrior hits you with a +0 trident.
The scorpion stings you but does no damage.
Evoke which item? (* to show all) (? for menu, Esc to quit)
Okay, then.
A killer bee comes into view.
The orc warrior hits you with a +0 trident!
* * * LOW HITPOINT WARNING * * *
The orc warrior hits you with a +0 trident!
You die...

.#..#.#####
..........
..........
#......$.#
#........#
#.(....#.#
#........#
#.@....##
#.o.y....#
#s#...##.#
#F#......
W.#...##.#
##.#..#.. #
.........
#.#.:....
#.#


You could see a phantom, an orc warrior, a bullfrog, a scorpion and a killer
bee.

Vanquished Creatures
  A wyvern skeleton (D:6)
  A hound (D:6)
  3 orc wizards
  An adder (D:2)
  A worm (D:2)
  2 leopard geckos
  13 orcs
  4 bats
  A giant cockroach (D:2)
  4 goblins
  7 hobgoblins
  3 jackals (D:3)
  A quokka (D:3)
  4 frilled lizards
  8 kobolds (D:1)
  5 rats
59 creatures vanquished.

Notes
Turn   | Place    | Note
-------+----------+-------------------------------------------
     0 | D:1      | mopl the Tengu Necromancer began the quest for the Orb.
     0 | D:1      | Reached XP level 1. HP: 10/10 MP: 4/4
    81 | D:1      | Learned a level 1 spell: Animate Skeleton
   488 | D:1      | Reached XP level 2. HP: 12/15 MP: 3/6
   905 | D:1      | Reached skill level 5 in Necromancy
  1253 | D:2      | Reached XP level 3. HP: 19/19 MP: 7/7
  1258 | D:2      | Learned a level 3 spell: Vampiric Draining
  2402 | D:3      | Reached XP level 4. HP: 20/24 MP: 6/8
  2415 | D:3      | Reached skill level 1 in Polearms
  3119 | D:4      | Found a glowing golden altar of the Shining One.
  3119 | D:4      | You fall into a shaft and drop 2 floors!
  3119 | D:6      | Found Dausch's Book Shoppe.
  3125 | D:6      | HP: 1/24 [wyvern skeleton (1)]
  3128 | D:6      | Reached skill level 6 in Necromancy
  3128 | D:6      | Gained mutation: You can fly continuously. [Tengu growth]
  3128 | D:6      | Reached XP level 5. HP: 12/28 MP: 10/10
  3346 | D:6      | Reached XP level 6. HP: 26/32 MP: 11/11
  3350 | D:6      | Found Efaaps's Gadget Emporium.
  3442 | D:6      | Noticed an orc warrior
  3458 | D:7      | Noticed a phantom
  3463 | D:7      | Slain by an orc warrior

Illustrated notes

Levels and vault maps discovered:
D:1:      dpeg_arrival_leaves_temple_mockup, layout_loops_ring
D:2:      layout_basic
D:3:      layout_basic
D:4:      layout_basic, nicolae_overflow_crystal_walls, first_ration,
          serial_shops, shop, uniq_edmund
D:6:      layout_loops_ring, serial_shops, nicolae_shop_trees,
          nicolae_shop_stone, nicolae_shop_crystal, nicolae_shop_behind_doors
D:7:      minmay_the_grid_square_5x5_3x3 [minmay_the_grid_square_5x5_slash,
          minmay_the_grid_square_5x5_seven,
          minmay_the_grid_square_5x5_checkered_sparse,
          minmay_the_grid_square_5x5_beaten_path,
          minmay_the_grid_square_5x5_megaprize_open,
          minmay_the_grid_square_5x5_corner,
          minmay_the_grid_square_5x5_hollow_slash,
          minmay_the_grid_square_5x5_shrine2,
          minmay_the_grid_square_5x5_bridge], layout_basic,
          nicolae_qazlal_eye_of_the_storm, slow_altar_1, temple_pool_b

Skill      XL: |  1  2  3  4  5 |
---------------+----------------+-----
Necromancy     | 5 6 |  6.5
Polearms       | 1 2 |  2.5
Spellcasting   | 3 |  3.3
Dodging        | |  2.1
Stealth        | |  2.0

Action                   |  1- 3 |  4- 6 || total
-------------------------+-------+-------++-------
Melee: Unarmed           |     4 |       ||     4
       Spear             |    73 |    64 ||   137
       Kick              |    14 |    19 ||    33
       Peck              |    10 |    14 ||    24
 Cast: Pain              |    28 |       ||    28
       Vampiric Draining |     1 |     9 ||    10
 Abil: Fly               |       |     1 ||     1
  Use: Scroll            |    10 |     3 ||    13
       Potion            |       |     1 ||     1
 Stab: Sleeping          |     2 |     1 ||     3
  Eat: Chunk             |     5 |     4 ||     9
Armor: Robe              |     6 |       ||     6
       Ring mail         |    15 |    11 ||    26
Dodge: Dodged            |    44 |    27 ||    71
